AoeStats
← HR nomadplayer

Fortress

507879674Analyzed
4v4 RM · 11d ago on Sep 20, 2026· 36m 59s· 8 players
Game mode
Random Map
Map size
Huge
Population
200
Speed
Normal
Resources
Standard
Victory
Conquest
Starting age
Dark Age
Ending age
Imperial Age
RankedLock teamsTeams togetherTeam positionsShared explorationLock speedFull tech treeHidden civsTurbo modeCheats
Victory
Defeat
🇨🇱 Burmese · Chile
1888
+8
🇨🇱 Turks · Chile
1867
+8
🇨🇱 Inca · Chile
1706
+14
🇨🇱 Armenians · Chile
1654
+16
🇺🇸 Magyars · United States
1709
-13
🇨🇦 Mongols · Canada
1685
-12
🇺🇸 Gurjaras · United States
1670
-11
🇺🇸 Maya · United States
1642
-10
LowEloNobody
7:06 Feudal Age
11:13 Castle Age
11:20 Double-Bit Axe
11:18 Horse Collar
13:00 Bow Saw
13:05 Heavy Plow
15:42 Loom
17:45 Town Watch
18:44 Gold Mining
19:32 Stone Mining
22:15 Wheelbarrow
26:04 Imperial Age
23:48 Scale Mail Armor
23:59 Forging
24:21 Padded Archer Armor
24:27 Squires
24:16 Eagle Warrior
24:56 Fletching
25:35 Chain Mail Armor
26:17 Bodkin Arrow
26:58 Iron Casting
27:32 Plate Mail Armor
27:08 Bracer
27:11 Arson
27:50 Padded Archer Armor
28:23 Hand Cart
28:52 Conscription
29:19 Leather Archer Armor
29:27 Fortified Wall
30:39 Ring Archer Armor
29:50 Elite Skirmisher
29:57 Crossbowman
30:43 Thumb Ring
30:55 Town Patrol
32:37 Blast Furnace
33:05 Chemistry
33:16 Hul'che Javelineers
32:58 Arbalester
NotDukito
7:43 Feudal Age
11:42 Castle Age
10:30 Double-Bit Axe
10:26 Horse Collar
12:40 Bow Saw
14:31 Heavy Plow
17:18 Town Watch
19:30 Wheelbarrow
21:17 Hand Cart
21:23 Loom
24:54 Imperial Age
23:03 Gold Mining
25:26 Ballistics
25:15 Heavy Scorpion
27:00 Chemistry
27:19 Drill
27:34 Conscription
27:21 Caravan
29:04 Siege Engineers
32:01 Capped Ram
32:57 Siege Ram
35:09 Scale Barding Armor
35:15 Forging
Favre4ever
7:54 Feudal Age
8:45 Double-Bit Axe
11:38 Castle Age
10:09 Horse Collar
12:53 Bow Saw
12:43 Heavy Plow
17:42 Wheelbarrow
17:30 Gold Mining
17:26 Loom
23:10 Imperial Age
20:41 Fletching
20:52 Town Watch
22:26 Bodkin Arrow
24:10 Ballistics
24:06 Bloodlines
24:03 Bracer
25:04 Chemistry
24:39 Hand Cart
24:44 Thumb Ring
24:59 Heavy Cavalry Archer
26:12 Husbandry
26:13 Padded Archer Armor
27:00 Conscription
27:02 Recurve Bow
27:26 Leather Archer Armor
31:05 Crop Rotation
35:11 Parthian Tactics
35:00 Treadmill Crane
35:46 Caravan
Mr. Beaver
7:23 Feudal Age
9:12 Double-Bit Axe
11:30 Castle Age
9:31 Horse Collar
12:31 Bow Saw
12:28 Heavy Plow
17:07 Wheelbarrow
17:05 Loom
18:54 Gold Mining
18:56 Stone Mining
20:01 Hand Cart
19:57 Loom
20:13 Town Watch
22:24 Fletching
22:34 Padded Archer Armor
26:24 Imperial Age
24:38 Bodkin Arrow
26:09 Thumb Ring
26:58 Ballistics
26:54 Leather Archer Armor
27:16 Bracer
27:44 Elite Elephant Archer
30:12 Conscription
30:28 Hoardings
30:02 Town Patrol
33:10 Caravan
34:04 Hoardings
HR Melodias
5:12 Loom
7:38 Feudal Age
11:44 Castle Age
10:16 Double-Bit Axe
10:18 Horse Collar
12:54 Bow Saw
13:20 Heavy Plow
17:43 Gold Mining
17:43 Stone Mining
19:46 Loom
20:36 Wheelbarrow
19:49 Loom
20:44 Padded Archer Armor
20:37 Fletching
22:08 Hand Cart
23:21 Bodkin Arrow
23:27 Padded Archer Armor
23:58 Ballistics
27:49 Imperial Age
25:36 Town Watch
26:38 Leather Archer Armor
28:54 Conscription
27:57 Elite Composite Bowman
28:45 Bracer
30:37 Conscription
32:50 Chemistry
33:59 Ring Archer Armor
36:51 Man-at-Arms
36:52 Pikeman
37:32 Squires
37:35 Scale Mail Armor
37:46 Forging
HR nomadplayer
7:06 Feudal Age
11:02 Castle Age
9:17 Horse Collar
11:56 Heavy Plow
12:38 Wheelbarrow
16:53 Loom
17:42 Town Watch
18:30 Hand Cart
24:15 Imperial Age
23:22 Scale Barding Armor
23:27 Forging
23:21 Manipur Cavalry
24:12 Husbandry
24:22 Bloodlines
24:52 Chain Barding Armor
24:38 Elite Battle Elephant
25:20 Howdah
25:41 Conscription
26:27 Plate Barding Armor
26:29 Iron Casting
27:12 Chemistry
29:17 Masonry
31:55 Blast Furnace
31:48 Fletching
32:35 Ballistics
32:46 Architecture
33:20 Coinage
32:54 Caravan
33:15 Bodkin Arrow
34:50 Siege Engineers
HR Sobek
7:33 Feudal Age
11:06 Castle Age
9:31 Double-Bit Axe
9:30 Horse Collar
9:52 Double-Bit Axe
12:17 Bow Saw
12:10 Heavy Plow
18:36 Wheelbarrow
19:48 Hand Cart
19:22 Town Watch
19:26 Loom
24:37 Imperial Age
22:16 Gold Mining
22:21 Stone Mining
22:45 Padded Archer Armor
24:05 Leather Archer Armor
24:26 Caravan
26:03 Gold Shaft Mining
26:29 Conscription
26:48 Elite Janissary
28:30 Ring Archer Armor
28:46 Artillery
29:04 Caravan
29:59 Bombard Tower
30:58 Fortified Wall
30:44 Murder Holes
31:09 Ballistics
30:30 Treadmill Crane
31:00 Masonry
34:02 Coinage
34:20 Fletching
35:04 Architecture
35:55 Scale Barding Armor
36:01 Forging
35:47 Bodkin Arrow
36:04 Bloodlines
35:54 Husbandry
37:50 Chain Barding Armor
HR RYGE
7:20 Feudal Age
11:39 Castle Age
10:18 Double-Bit Axe
11:13 Horse Collar
12:06 Loom
19:58 Wheelbarrow
20:31 Bow Saw
21:27 Heavy Plow
22:18 Gold Mining
26:00 Imperial Age
23:29 Stone Mining
24:53 Stone Shaft Mining
25:05 Hand Cart
25:14 Town Watch
25:30 Scale Mail Armor
25:41 Forging
26:14 Elite Kamayuk
27:15 Conscription
27:12 Chain Mail Armor
27:50 Fabric Shields
28:27 Iron Casting
29:22 Plate Mail Armor
30:01 Capped Ram
32:00 Siege Ram
35:43 Gold Shaft Mining
Connection lost

Rejoining the realm…

Still unreachable

The connection could not be restored.

Session expired

The server has moved on; the page needs a fresh start.